Map: Apotheosis LE

Players

Ascarecrow - Winner!

  • Race: Zerg Zerg
  • League: Grandmaster

DysophiA

  • Race: Terran Terran
  • League: Grandmaster

VOD

Have the link to the VOD?

Description

Time

  • Played on: Aug. 22, 2016, 10:34 a.m.
  • Length: 15:46
Show
View Real Time Build Order
Export as new Build Order

Ascarecrow Zerg - Winner!

Build Orders: Hatch First 

Get SALT Encoding   

  12  0:02  Drone  
  13  0:13  Overlord  
  13  0:17  Drone  
  14  0:32  Drone x2  
  16  0:36  Drone  
  17  0:53  Hatchery  
  17  0:55  Drone  
  17  0:58  Drone  
  17  1:03  Extractor  
  17  1:16  Spawning Pool  
  17  1:18  Drone  
  17  1:21  Drone  
  18  1:29  Drone  
  19  1:40  Overlord  
  19  2:03  Zergling x4  
  19  2:04  Queen  
  19  2:05  Metabolic Boost  
  19  2:06  Zergling x2  
  24  2:09  Queen  
  26  2:16  Drone x2  
  28  2:24  Drone  
  29  2:36  Drone x2  
  31  2:47  Queen, Lair  
  33  2:51  Overlord  
  32  3:00  Drone x3  
  35  3:11  Drone  
  35  3:12  Drone x2  
  38  3:18  Overlord  
  38  3:21  Drone x4  
  42  3:32  Extractor, Queen  
  44  3:34  Overlord  
  44  3:41  Drone  
  44  3:42  Drone x3  
  48  3:56  Hatchery  
  48  4:00  Infestation Pit  
  46  4:03  Drone  
  46  4:04  Drone x5  
  46  4:09  Overlord  
  52  4:23  Extractor  
  51  4:24  Extractor  
  51  4:25  Drone x2  
  51  4:26  Drone  
  51  4:31  Drone x3  
  55  4:32  Overlord  
  55  4:35  Zergling x10  
  61  4:45  Overlord  
  61  4:49  Pathogen Glands  
  61  4:54  Drone  
  61  4:57  Extractor  
  61  5:05  Queen x2  
  65  5:09  Drone  
  65  5:10  Drone x2  
  68  5:14  Zergling x2  
  68  5:15  Zergling x10  
  68  5:17  Queen  
  76  5:31  Evolution Chamber  
  76  5:32  Overlord x3  
  76  5:33  Evolution Chamber  
  74  5:39  Infestor x2  
  74  5:40  Infestor  
  80  5:49  Overlord x2  
  80  5:50  Queen  
  82  6:01  Zerg Melee Weapons Level 1, Zerg Ground Armor Level 1  
  82  6:05  Drone  
  82  6:06  Drone x8  
  91  6:11  Hive  
  91  6:17  Drone  
  91  6:18  Drone x5  
  97  6:26  Drone  
  97  6:27  Drone x2  
  97  6:31  Overlord  
  100  6:39  Extractor  
  99  6:40  Extractor  
  98  6:48  Drone x3  
  98  6:49  Baneling Nest, Drone x2  
  98  6:50  Drone  
  98  6:51  Overlord  
  103  6:57  Drone x2  
  103  6:58  Overlord x2  
  105  7:10  Overlord  
  105  7:11  Hatchery  
  104  7:18  Drone  
  105  7:24  Zergling x2  
  105  7:25  Zergling x16  
  105  7:29  Ultralisk Cavern  
  100  7:44  Zergling x2  
  100  7:45  Zergling x18  
  110  8:01  Zerg Melee Weapons Level 2, Zerg Ground Armor Level 2  
  110  8:03  Overlord x2  
  110  8:06  Zergling x8  
  110  8:07  Hatchery  
  110  8:11  Hatchery  
  112  8:18  Chitinous Plating  
  112  8:19  Adrenal Glands  
  112  8:27  Centrifical Hooks  
  112  8:29  Zergling x2  
  112  8:30  Zergling x16  
  112  8:34  Overseer  
  120  8:46  Baneling x5  
  118  8:49  Zergling x16  
  122  9:00  Ultralisk x2  
  122  9:01  Ultralisk x3  
  152  9:07  Ultralisk  
  158  9:21  Ultralisk  
  158  9:23  Zergling x2  
  163  9:24  Zergling x6  
  163  9:27  Queen x3  
  154  9:55  Drone  
  154  9:56  Drone x14  
  169  10:10  Hatchery  
  158  10:25  Extractor  
  158  10:27  Ultralisk  
  158  10:28  Extractor, Ultralisk x2  
  175  10:30  Zerg Melee Weapons Level 3  
  175  10:31  Zerg Ground Armor Level 3, Overlord x3  
  174  10:36  Extractor, Spire  
  174  10:38  Extractor  
  170  11:22  Ultralisk x4  
  170  11:25  Zergling x10  
  199  11:49  Overseer  
  174  12:10  Zergling x2  
  174  12:11  Zergling x42  
  174  12:12  Zergling x24  
  191  12:17  Corruptor  
  191  12:18  Corruptor x2  
  192  12:29  Extractor  
  190  12:30  Spore Crawler  
  190  12:31  Spore Crawler  
  190  12:32  Extractor  
  182  12:48  Corruptor x8  
  192  13:02  Drone  
  192  13:03  Drone x8  
  195  13:17  Burrow  
  195  13:21  Zerg Flyer Weapons Level 1  
  195  13:23  Corruptor x2  
  199  13:35  Baneling  
  199  13:36  Baneling x7  
  172  14:15  Ultralisk x7  
  181  14:39  Ultralisk x3  
Show
View Real Time Build Order
Export as new Build Order

DysophiA Terran 

Build Orders: Reaper Expand, MMM Bio 

Get SALT Encoding   

  12  0:01  SCV  
  13  0:13  SCV  
  14  0:18  Supply Depot  
  14  0:26  SCV  
  15  0:39  SCV  
  15  0:41  Barracks  
  16  0:47  Refinery  
  16  0:51  SCV  
  17  1:03  SCV  
  18  1:15  SCV  
  19  1:29  Reaper, Orbital Command  
  20  1:42  Command Center  
  20  1:49  Supply Depot  
  20  1:54  SCV  
  21  2:01  Marine  
  21  2:06  SCV  
  23  2:13  Factory  
  23  2:23  Barracks Reactor  
  23  2:28  SCV  
  24  2:37  Command Center  
  24  2:54  SCV  
  24  2:55  Orbital Command  
  24  2:57  Refinery, Factory Tech Lab  
  25  3:01  Marine x2  
  27  3:12  SCV  
  28  3:16  Bunker  
  28  3:19  Siege Tank  
  31  3:22  SCV  
  32  3:32  Marine x2  
  34  3:37  SCV  
  34  3:39  Supply Depot  
  34  3:40  SCV  
  36  3:49  SCV  
  36  3:52  SCV  
  36  3:53  Starport  
  38  4:01  SCV  
  39  4:04  Barracks  
  39  4:05  Orbital Command  
  39  4:07  SCV  
  39  4:09  Factory Reactor  
  40  4:15  Stimpack  
  40  4:18  SCV  
  40  4:23  SCV  
  42  4:25  Refinery  
  42  4:30  SCV, Marine  
  44  4:33  Viking  
  44  4:36  Engineering Bay  
  44  4:37  SCV  
  44  4:38  Engineering Bay  
  47  4:39  SCV  
  47  4:45  Supply Depot  
  48  4:54  Marine  
  48  4:55  Marine, Factory Reactor  
  48  4:57  Barracks  
  49  5:00  SCV  
  49  5:01  SCV  
  51  5:08  Supply Depot  
  51  5:09  Marine  
  51  5:10  Starport Reactor  
  51  5:11  Terran Infantry Weapons Level 1, Terran Infantry Armor Level 1  
  51  5:12  SCV, Marine  
  51  5:13  SCV  
  55  5:18  SCV  
  55  5:19  Refinery  
  56  5:23  Marine  
  56  5:28  Orbital Command  
  57  5:33  Marine x2  
  59  5:42  SCV, Factory Reactor, Barracks  
  60  5:43  Marine  
  60  5:44  SCV, Marine  
  60  5:46  Barracks  
  60  5:47  Marine  
  60  5:48  Supply Depot  
  64  5:51  Marine  
  64  5:55  SCV x2  
  67  5:58  Armory  
  67  6:01  Medivac  
  67  6:02  Medivac  
  71  6:05  SCV  
  71  6:07  SCV  
  71  6:08  SCV  
  74  6:12  Marine x2  
  74  6:13  Marine  
  77  6:19  SCV  
  77  6:20  Supply Depot, Marine x2  
  80  6:29  Marine  
  80  6:30  Marine x2  
  80  6:32  Barracks  
  83  6:33  Factory Tech Lab  
  83  6:34  Barracks Tech Lab  
  83  6:37  SCV  
  83  6:38  Marauder  
  86  6:43  Marine x2  
  86  6:44  Marine  
  89  6:47  Marine  
  89  6:51  SCV x2  
  89  6:52  Marauder, Marine x2  
  89  6:54  Refinery, Combat Shields  
  96  6:55  Concussive Shells  
  96  7:00  Marauder, Supply Depot  
  96  7:01  Supply Depot, Marine  
  98  7:07  Marine x2  
  101  7:18  Terran Infantry Weapons Level 2, Terran Infantry Armor Level 2  
  101  7:22  Marauder, Marine x3, Medivac  
  110  7:23  Marauder  
  110  7:25  Medivac  
  112  7:30  Supply Depot  
  112  7:31  Supply Depot  
  112  7:44  Marauder x2  
  109  7:46  Marine  
  109  7:47  Marine x2  
  109  7:50  Marine  
  112  7:51  Thor  
  112  7:52  Terran Vehicle Weapons Level 1  
  112  7:57  Supply Depot  
  118  8:02  Marine x2  
  118  8:04  SCV x3  
  118  8:05  Marauder x2  
  127  8:10  Supply Depot  
  127  8:12  Marine  
  128  8:15  Medivac  
  130  8:21  Marine  
  130  8:23  Marine  
  130  8:26  Marauder  
  136  8:27  Marauder  
  136  8:29  Supply Depot  
  136  8:33  Refinery, Medivac  
  138  8:35  Marine x3  
  141  8:48  Marauder x2  
  145  8:58  Marine x2  
  147  9:06  Marine x3  
  147  9:07  Thor  
  147  9:09  Marauder x2  
  160  9:14  Marine x2  
  157  9:24  Medivac x2  
  157  9:26  Marine x2  
  157  9:27  Marine x2  
  157  9:28  Command Center  
  165  9:33  Barracks  
  165  9:35  Factory, Barracks  
  165  9:36  Supply Depot  
  169  9:38  Marauder x2  
  169  9:42  Liberator x2  
  139  9:55  Thor  
  139  9:59  Marauder x2  
  155  10:12  Marine  
  155  10:13  Marine x2  
  149  10:19  Marine x2  
  149  10:21  Marauder x2  
  155  10:22  Factory Tech Lab  
  155  10:23  Barracks Tech Lab x2  
  155  10:24  Terran Infantry Armor Level 3, Terran Infantry Weapons Level 3  
  155  10:26  Terran Vehicle And Ship Armor Level 1  
  155  10:33  Liberator  
  155  10:38  Marine  
  155  10:40  Planetary Fortress  
  155  10:42  Marauder x2  
  160  10:50  Liberator  
  160  10:51  Supply Depot  
  163  11:00  Refinery x2  
  163  11:01  Marine x4  
  163  11:02  Marauder  
  169  11:08  Marine  
  169  11:09  Marine x3  
  176  11:16  Missile Turret  
  176  11:20  Missile Turret  
  176  11:29  Marine x3  
  176  11:30  Marauder x4, Marine x2  
  176  11:31  Thor  
  194  11:56  Marine x2  
  194  11:57  Marauder  
  198  12:05  Marine x3  
  198  12:06  Marauder x2, Thor  
  169  12:09  Liberator x2  
  123  12:19  SCV x3  
  123  12:20  Terran Vehicle Weapons Level 2  
  128  12:31  SCV x2  
  128  12:37  Marauder, Marine x4  
  130  12:44  SCV  
  137  12:54  Marine x3  
  137  12:55  Marauder  
  137  12:56  SCV  
  141  13:01  Building Armor  
  141  13:05  Marine x2  
  141  13:06  Marauder, Marine, Thor  
  141  13:07  Thor  
  141  13:09  Hi-Sec Auto Tracking  
  158  13:13  SCV x2  
  160  13:28  Marine x2  
  160  13:29  Marauder x2  
  160  13:31  Command Center  
  166  13:43  Marine x2  
  166  13:44  Marauder  
  167  14:08  Marine x2  
  167  14:09  Marauder  
  152  14:15  Marine x2  
  152  14:16  Marauder  
  109  14:23  Marine x2  
  109  14:24  Marauder x2, Marine x2  
  101  14:25  Thor  
  101  14:26  Marine, Thor  
  115  14:43  Medivac x2  
  103  14:45  Marine  
  103  14:46  Marine x7  
  103  14:47  Marauder, Marine  
  96  14:57  Marine  
  96  14:58  Marauder  
  79  15:03  Marine  
  68  15:13  Medivac  
  67  15:25  Marauder x3, Marine x3  
Tags
 
Add a new tag
Caveats
  • Supply blocks, unpowered buildings, or Contaminate may cause inaccurate times.
  • Supply counts are checked every 10 seconds.